 Dungeon Sprint DCSS version 0.23.2-40-g277498a001 (webtiles) character file.

Game seed: 10552681934310194994

1532 Nivan the Grappler (level 8, -1/88 HPs)
             Began as a Troll Fighter on Sept 27, 2019.
             Was a Believer of Okawaru.
             Slain by a demonic crawler (2 damage)
             ... in the Dungeon (Sprint I: "Red Sonja").
             The game lasted 00:03:41 (336 turns).

Nivan the Grappler (Troll Fighter)                   Turns: 336, Time: 00:03:42

Health: -1/88      AC:  6    Str: 27    XL:     8   Next: 55%
Magic:  7/7        EV: 13    Int:  4    God:    Okawaru [**....]
Gold:   405        SH: 11    Dex:  9    Spells: 7/7 levels left

rFire    . . .     SeeInvis .     - Unarmed
rCold    . . .     Gourm    +   b - +0 shield
rNeg     . . .     Faith    .   a - +0 robe
rPois    .         Spirit   .   (helmet restricted)
rElec    .         Reflect  .   (no cloak)
rCorr    .         Harm     .   (gloves unavailable)
MR       .....     NoTele   +   (boots unavailable)
Stlth    +.........             (no amulet)
HPRegen  0.64/turn              (no ring)
MPRegen  0.10/turn              (no ring)

@: no status effects
A: large, unfitting armour, claws 3, fast metabolism 3, gourmand, regeneration
1, shaggy fur 1, tough skin 3
a: Heroism, Renounce Religion


You were in the Dungeon.
You worshipped Okawaru.
Okawaru was pleased with you.
You were full.

You visited 1 branch You collected 405 gold pieces.

Inventory:

Hand Weapons
 k - a +0 dagger of venom
Armour
 a - a +0 robe (worn)
 b - a +0 shield (worn)
Scrolls
 e - a scroll of fear {unknown}
 j - a scroll of blinking
Potions
 c - a potion of might
 f - a potion of heal wounds (quivered)
 g - a potion of haste
 h - 2 potions of magic
 i - a potion of berserk rage
 m - a potion of resistance {unknown}
Comestibles
 d - 2 rations


   Skills:
 + Level 7.9 Fighting
 + Level 9.0 Dodging
 + Level 1.0 Stealth
 + Level 8.3 Shields
 + Level 10.0 Unarmed Combat


You had 7 spell levels left.
You didn't know any spells.
Your spell library was empty.

Dungeon Overview and Level Annotations

Branches:
Dungeon (1/1)

Altars:
Cheibriados
Dithmenos
Elyvilon
Fedhas
Gozag
Hepliaklqana
Kikubaaqudgha
Makhleb
Nemelex Xobeh
Okawaru
Qazlal
Ru
Sif Muna
Trog
Uskayaw
Vehumet
Wu Jian
Xom
Yredelemnul
Zin
The Shining One
Jiyva
Lugonu

Shops:
D *


Innate Abilities, Weirdness & Mutations

You are too large for most types of armour.
You have claws for hands.
Your metabolism is lightning-fast.
You like to eat raw meat.
Your natural rate of healing is unusually fast.
You are covered in fur. (AC +1)
You have extremely tough skin. (AC +3)


Message History

* * * LOW HITPOINT WARNING * * *
The demonic crawler completely misses you.
The demonic crawler barely misses you. The demonic crawler misses you.
Quiver which item? (- for none, * to show all) (? for menu, Esc to quit)
Quivering
f - a potion of heal wounds for throwing.
You scratch the demonic crawler.
The demonic crawler is almost dead.
The demonic crawler hits you.
* * * LOW HITPOINT WARNING * * *
You block the demonic crawler's attack. The demonic crawler closely misses you.
You scratch the demonic crawler but do no damage.
The demonic crawler is almost dead.
You block the demonic crawler's attack. x2
The demonic crawler barely misses you.
You scratch the demonic crawler.
The demonic crawler is almost dead.
The demonic crawler hits you!
* * * LOW HITPOINT WARNING * * *
The demonic crawler hits you.
You die...

##########################
#<.#..)..#..'..#__#..')..#
#..'[.#..').#.s'^ss..#)..##+#
#..#####'#####s#__####...'..#
#..####..#...#s#### #####..+
#..#__####..##@# ##
#..#_____##'#_.+
#⌠⌠#_.∩...'..._#
####_..__##_.#'#
#_____###+#[# ####### ###


You could see 3 demonic crawlers.

Vanquished Creatures
  A demonic crawler (D)
  2 kobold demonologists (D)
  A slime creature (D)
  Sigmund (D)
  A yak (D)
  A floating eye (D)
  An ogre (D)
  A jelly (D)
  Ijyb (D)
10 creatures vanquished.

Notes
Turn   | Place    | Note
-------+----------+-------------------------------------------
     0 | D        | Nivan the Troll Fighter began the quest for the Orb.
     0 | D        | Reached XP level 1. HP: 22/22 MP: 0/0
     2 | D        | Noticed Ijyb
    28 | D        | Killed Ijyb
    28 | D        | Reached XP level 2. HP: 12/31 MP: 1/1
    66 | D        | Noticed an ogre
    73 | D        | Killed an ogre
    73 | D        | Reached skill level 4 in Unarmed Combat
    73 | D        | Reached XP level 3. HP: 5/40 MP: 2/2
    73 | D        | Reached XP level 4. HP: 7/49 MP: 3/3
   150 | D        | Noticed Sigmund
   158 | D        | Killed Sigmund
   158 | D        | Reached skill level 5 in Fighting
   158 | D        | Reached skill level 5 in Unarmed Combat
   158 | D        | Reached XP level 5. HP: 59/59 MP: 4/4
   158 | D        | Reached XP level 6. HP: 67/67 MP: 5/5
   175 | D        | Found an ornate altar of the Wu Jian Council.
   175 | D        | Found a deep blue altar of Sif Muna.
   177 | D        | Found a radiant altar of Vehumet.
   212 | D        | Found Fon Kia's Assorted Antiques.
   212 | D        | Found an ancient bone altar of Kikubaaqudgha.
   212 | D        | Found a hazy altar of Hepliaklqana.
   212 | D        | Found a stormy altar of Qazlal.
   212 | D        | Found a hide-covered altar of Uskayaw.
   212 | D        | Found a blossoming altar of Fedhas.
   212 | D        | Found a bloodstained altar of Trog.
   212 | D        | Found an iron altar of Okawaru.
   212 | D        | Found a basalt altar of Yredelemnul.
   212 | D        | Found a glowing golden altar of the Shining One.
   212 | D        | Found a snail-covered altar of Cheibriados.
   212 | D        | Found a sacrificial altar of Ru.
   212 | D        | Found a glowing silver altar of Zin.
   212 | D        | Found a shadowy altar of Dithmenos.
   212 | D        | Found a white marble altar of Elyvilon.
   212 | D        | Noticed a yak
   213 | D        | Found an opulent altar of Gozag.
   216 | D        | Killed a yak
   216 | D        | Reached skill level 6 in Unarmed Combat
   217 | D        | Found a sparkling altar of Nemelex Xobeh.
   223 | D        | Became a worshipper of Warmaster Okawaru
   241 | D        | Found a burning altar of Makhleb.
   241 | D        | Found a viscous altar of Jiyva.
   241 | D        | Found a shimmering altar of Xom.
   241 | D        | Found a corrupted altar of Lugonu.
   241 | D        | Noticed a slime creature
   249 | D        | Killed a slime creature
   249 | D        | Reached skill level 7 in Unarmed Combat
   249 | D        | Reached XP level 7. HP: 64/78 MP: 6/6
   273 | D        | Noticed a kobold demonologist
   274 | D        | Noticed a kobold demonologist
   276 | D        | Noticed a chaos spawn
   277 | D        | Reached * piety under Okawaru
   286 | D        | Killed a kobold demonologist
   286 | D        | Reached skill level 8 in Unarmed Combat
   299 | D        | Noticed a soul eater
   299 | D        | Killed a kobold demonologist
   299 | D        | Reached ** piety under Okawaru
   299 | D        | Reached skill level 1 in Stealth
   299 | D        | Reached skill level 9 in Unarmed Combat
   299 | D        | Reached XP level 8. HP: 88/88 MP: 7/7
   309 | D        | Noticed a demonic crawler
   309 | D        | Noticed a demonic crawler
   309 | D        | Noticed a demonic crawler
   309 | D        | Noticed a demonic crawler
   328 | D        | Killed a demonic crawler
   328 | D        | Reached skill level 10 in Unarmed Combat
   336 | D        | HP: 1/88 [demonic crawler (8)]
   336 | D        | Slain by a demonic crawler

Skill      XL: |  1  2  3  4  5  6  7  8 |
---------------+-------------------------+-----
Fighting       | 3 4 5 7 |  7.9
Dodging        | 3 4 6 7 8 9 |  9.0
Shields        | 3 4 6 7 8 |  8.3
Unarmed Combat | 4 5 7 9 10 | 10.0
Stealth        | 1 |  1.0

Action                   |  1- 3 |  4- 6 |  7- 9 || total
-------------------------+-------+-------+-------++-------
Melee: Unarmed           |    31 |    18 |    40 ||    89
  Use: Potion            |     1 |       |       ||     1
  Eat: Chunk             |     2 |       |     4 ||     6
Armor: Robe              |     1 |     2 |    17 ||    20
Dodge: Dodged            |     5 |     5 |    37 ||    47
Block: Shield            |    13 |     4 |    36 ||    53
